Map: Blueshift LE

Players

Bunny - Winner!

  • Race: Terran Terran
  • League: Bronze
  • Spawn Location: 1:00

Solar

  • Race: Zerg Zerg
  • League: Master
  • Spawn Location: 7:00

Event: IEM Season 13 - Katowice Server Qualifiers Asia 1

VOD

Have the link to the VOD?

Description

Time

  • Played on: Jan. 14, 2019, 6:48 a.m.
  • Length: 5:13

All games in this series

Show
View Real Time Build Order
Export as new Build Order

Bunny Terran - Winner!

Build Orders:  

Get SALT Encoding   

  12  0:00  SCV  
  13  0:12  SCV  
  14  0:17  Supply Depot  
  14  0:24  SCV  
  15  0:39  Barracks  
  15  0:42  SCV  
  16  0:54  Barracks  
  16  0:58  SCV  
  17  1:10  Barracks  
  17  1:14  SCV  
  18  1:26  Marine  
  18  1:30  Orbital Command  
  19  1:38  Supply Depot  
  19  1:41  Marine  
  19  1:43  Marine  
  21  1:53  Bunker  
  21  1:58  Marine  
  21  1:59  Marine  
  23  2:02  Marine  
  23  2:07  Bunker  
  24  2:10  SCV  
  25  2:16  Marine  
  25  2:18  Marine  
  27  2:24  SCV  
  27  2:27  Supply Depot  
  27  2:28  Marine  
  28  2:35  Marine  
  28  2:36  SCV  
  30  2:37  Marine  
  31  2:48  Marine  
  31  2:49  SCV  
  33  2:52  Refinery  
  33  2:53  Marine  
  33  2:55  Marine  
  35  3:01  SCV  
  35  3:04  Refinery  
  36  3:06  Marine  
  36  3:11  Marine  
  36  3:13  Marine  
  36  3:14  SCV  
  38  3:23  Supply Depot  
  38  3:28  SCV  
  38  3:29  Marine  
  39  3:41  SCV  
  39  3:44  Marine  
  39  3:45  Supply Depot  
  40  3:52  Marine, Factory  
  41  3:57  SCV  
  42  4:05  Marine  
  43  4:10  Marine, SCV  
  45  4:23  Command Center  
  45  4:24  SCV  
  45  4:29  Marine  
  45  4:30  Marine  
  48  4:37  Hellion, Starport  
  50  4:39  SCV  
  51  4:46  Supply Depot  
  51  4:51  Marine x2  
Show
View Real Time Build Order
Export as new Build Order

Solar Zerg 

Build Orders: Hatch First 

Get SALT Encoding   

  12  0:01  Drone  
  13  0:13  Overlord  
  13  0:16  Drone  
  14  0:32  Drone x2  
  16  0:47  Hatchery  
  15  0:50  Drone  
  15  0:54  Drone  
  17  0:57  Drone  
  18  1:05  Extractor  
  17  1:13  Spawning Pool  
  17  1:15  Drone  
  17  1:18  Drone  
  18  1:29  Drone  
  19  1:42  Drone  
  20  2:00  Zergling x4  
  22  2:02  Queen x2, Zergling x2  
  22  2:07  Metabolic Boost  
  27  2:11  Zergling x2  
  27  2:15  Overlord  
  28  2:33  Zergling x2  
  28  2:34  Zergling x6  
  32  2:39  Queen  
  34  2:49  Zergling x4  
  34  3:00  Zergling x4  
  35  3:09  Zergling x2  
  35  3:11  Zergling x2  
  33  3:13  Zergling x2  
  29  3:21  Zergling x2  
  29  3:25  Zergling x2  
  29  3:26  Zergling x2  
  24  3:34  Zergling x2  
  25  3:43  Zergling x2  
  26  3:53  Overlord  
  26  3:58  Baneling Nest  
  26  4:02  Zergling x4  
  27  4:06  Zergling x2  
  27  4:08  Zergling x2  
  27  4:18  Zergling x2  
  28  4:28  Zergling x2  
  28  4:34  Zergling x6  
  31  4:44  Baneling  
  31  4:45  Baneling x5  
  30  4:47  Baneling  

Tags
 
Add a new tag
Caveats
  • Supply blocks, unpowered buildings, or Contaminate may cause inaccurate times.
  • Supply counts are checked every 10 seconds.